 Dungeon Crawl Stone Soup version 0.31-a0-1-g4198be8af4 (webtiles) character file.

Game seed: 7303304042695447570

484 Ahpoh the Slasher (level 7, -10/37 HPs)
             Began as a Vine Stalker Monk on May 2, 2023.
             Mangled by an orc warrior
             ... wielding a +0 glaive
              (19 damage)
             ... on level 5 of the Dungeon.
             The game lasted 00:06:58 (2836 turns).

Ahpoh the Slasher (Vine Stalker Monk)               Turns: 2836, Time: 00:06:58

Health: -10/37     AC:  5    Str: 14    XL:     7   Next: 12%
Magic:  0/8        EV: 12    Int: 10    God:
Gold:   239        SH:  0    Dex: 18    Spells: 6/6 levels left

rFire   . . .        a - +0 falchion
rCold   . . .        d - orb {light}
rNeg    . . .        h - +0 ring mail
rPois   +            (no helmet)
rElec   .            (no cloak)
rCorr   .            (no gloves)
SInv    .            (no boots)
Will    .....        (no amulet)
Stlth   +            n - ring of poison resistance
HPRegen 1.06/turn    (no ring)
MPRegen 0.11/turn

%: guardian spirit
@: glowing
A: fangs 2, regeneration 1, magic shield, antimagic bite, no potion heal 2
a: no special abilities


You were on level 5 of the Dungeon.
You visited 1 branch of the dungeon, and saw 5 of its levels.

You collected 239 gold pieces.

Inventory:

Hand Weapons
 a - a +0 falchion (weapon)
Missiles
 o - 3 javelins (quivered)
Armour
 d - an orb of light (worn)
 h - a +0 ring mail (worn)
Jewellery
 n - a ring of poison resistance (left hand)
Scrolls
 e - a scroll of vulnerability {unknown}
 f - 2 scrolls of teleportation {unknown}
 k - a scroll of fog {unknown}
 q - 3 scrolls of enchant weapon
Potions
 c - a potion of ambrosia
 g - a potion of curing
 i - 3 potions of might
 j - 3 potions of heal wounds
 l - a potion of brilliance
 m - 3 potions of attraction
 p - a potion of lignification
 r - a potion of degeneration


   Skills:
 + Level 3.7 Fighting
 + Level 5.0 Long Blades
 + Level 2.6 Armour
 + Level 3.4 Dodging
 + Level 1.3 Stealth


You had 6 spell levels left.
You didn't know any spells.
Your spell library contained the following spells:

 Spells                   Type           Power      Damage    Failure   Level
 Summon Small Mammal      Summ           0%         N/A       58%         1
 Call Canine Familiar     Summ           0%         N/A       92%         3
 Ozocubu's Armour         Ice            0%         N/A       92%         3
 Summon Guardian Golem    Hex/Summ       0%         N/A       92%         3
 Ozocubu's Refrigeration  Ice            0%         4d7       100%        7


Dungeon Overview and Level Annotations

Branches:
Dungeon (5/15)
 Temple: D:4-7

Altars:
The Shining One

Shops:
D:3 :


Innate Abilities, Weirdness & Mutations

You have extremely sharp teeth.
Your natural rate of healing is unusually fast.
When hurt, damage is shared between your health and your magic reserves.
Your bite disrupts and absorbs the magic of your enemies.
Potions cannot restore your health.


Message History

Your hound bites the orc.
The orc closely misses your hound. Something hits your hound!
Your hound dies!
Your hound's corpse dissolves into shadows!
The orc warrior unwields a +0 glaive.
The orc warrior wields a +0 arbalest.
The orc warrior shoots a bolt.
The bolt barely misses you. The orc misses you.
You slash the orc!
You kill the orc!
You slash the orc!
You kill the orc!
The orc warrior shoots a bolt.
The bolt hits you!
The orc warrior unwields a +0 arbalest.
The orc warrior wields a +0 glaive.
The orc warrior hits you with a +0 glaive.
Items here: $ )) †.
You hit the orc warrior. You bite the orc warrior. You drain its power.
You feel invigorated.
The orc warrior is moderately wounded.
The orc warrior barely misses you.
You barely miss the orc warrior.
The orc warrior is moderately wounded.
The orc warrior barely misses you.
You hit the orc warrior. You bite the orc warrior. You drain its power.
The orc warrior is heavily wounded.
The orc warrior closely misses you.
You hit the orc warrior but do no damage.
You bite the orc warrior. You drain its power.
The orc warrior is severely wounded.
The orc warrior hits you with a +0 glaive!
You hit the orc warrior but do no damage.
You bite the orc warrior, but do no damage.
The orc warrior is severely wounded.
The orc warrior hits you with a +0 glaive!
* * * LOW HITPOINT WARNING * * *
You hit the orc warrior.
You bite the orc warrior, but do no damage.
The orc warrior is almost dead.
The orc warrior hits you with a +0 glaive!!
Ouch! That really hurt!
You die...

#.........# ..#.#
#######o.## .8.#$. ## #..#
..(#.## #. ..# #..# ...# # #
.. #.# ######.## ##.#. #.#
#......# #....#<##.#
#......#.## ##..#......#
#...........
............###@o.........
................#########...
.............##.## ..
.................# .
.................+
.................#
................##
.............##.#
.......).....##.#


You could see an orc warrior.

Vanquished Creatures
  An ogre (D:5)
  A phantom (D:4)
  A scorpion (D:4)
  An orc priest (D:4)
  A sleepcap (D:4)
  An iguana (D:4)
  An orc wizard (D:4)
  A gnoll (D:1)
  3 adders
  2 dart slugs
  4 orcs
  11 ball pythons
  4 bats
  4 endoplasms
  2 giant cockroaches
  7 goblins
  5 hobgoblins
  3 jackals (D:3)
  2 quokkas (D:4)
  5 frilled lizards (D:1)
  5 kobolds
  4 rats
69 creatures vanquished.

Vanquished Creatures (collateral kills)
  An orc priest (D:5)
  An orc wizard (D:5)
  An orc (D:5)
3 creatures vanquished.

Grand Total: 72 creatures vanquished

Notes
Turn   | Place    | Note
-------+----------+-------------------------------------------
     0 | D:1      | Ahpoh the Vine Stalker Monk began the quest for the Orb.
     0 | D:1      | Reached XP level 1. HP: 11/11 MP: 2/2
   171 | D:1      | Reached XP level 2. HP: 16/16 MP: 3/3
   311 | D:1      | Reached skill level 3 in Long Blades
   320 | D:1      | Reached XP level 3. HP: 18/20 MP: 4/4
   378 | D:1      | Found a faded altar of an unknown god.
  1633 | D:3      | Gained mutation: Your natural rate of healing is unusually
                  | fast. [Vine Stalker growth]
  1633 | D:3      | Reached XP level 4. HP: 23/24 MP: 3/5
  1907 | D:3      | Found Releu's Book Boutique.
  2205 | D:4      | Identified the +4 dagger of Nyjoof Daam {venom, Str-2
                  | Dex+3}
  2251 | D:4      | Noticed a phantom
  2264 | D:4      | Killed a phantom
  2265 | D:4      | Reached skill level 4 in Long Blades
  2265 | D:4      | Reached skill level 1 in Armour
  2265 | D:4      | Reached XP level 5. HP: 28/28 MP: 6/6
  2315 | D:4      | Reached skill level 1 in Stealth
  2467 | D:4      | Found a glowing golden altar of the Shining One.
  2483 | D:4      | Reached XP level 6. HP: 26/32 MP: 7/7
  2744 | D:5      | Entered Level 5 of the Dungeon
  2786 | D:5      | Noticed an orc warrior
  2793 | D:5      | Reached XP level 7. HP: 13/37 MP: 2/8
  2799 | D:5      | Reached skill level 5 in Long Blades
  2836 | D:5      | Mangled by an orc warrior

Illustrated notes

Levels and vault maps discovered:
D:1:      lemuel_arrival_broad_hall, layout_loops_ring, basic_ecumenical_altar,
          nicolae_figureground_sparkle
D:2:      layout_basic
D:3:      layout_loops_ring, serial_shops, nicolae_book_shop_shelving,
          minmay_misc_feat_four_crosses, kennysheep_generic_room_2
D:4:      layout_gridville, tso_altar, minmay_misc_feat_tiny
D:5:      layout_basic, st_stairs_13, guppyfry_early_orc_mine, uniq_duvessa

Skill      XL: |  1  2  3  4  5  6  7 |
---------------+----------------------+-----
Fighting       | 3 |  3.7
Long Blades    | 3 4 5 |  5.0
Armour         | 1 2 |  2.6
Dodging        | 3 |  3.4
Stealth        | 1 |  1.3

Action                     |  1- 3 |  4- 6 |  7- 9 || total
---------------------------+-------+-------+-------++-------
  Melee: Falchion          |    74 |    78 |     8 ||   160
         Bite              |    17 |    26 |     5 ||    48
  Throw: Javelin           |       |     3 |       ||     3
    Use: Scroll            |     2 |     7 |       ||     9
         Potion            |       |     1 |       ||     1
 Armour: Robe              |     5 |       |       ||     5
         Ring mail         |    20 |    17 |       ||    37
  Dodge: Dodged            |    45 |    59 |     7 ||   111

Table legend: (Time is in decaauts)
 A = Elapsed time spent in this place.
 B = Non-inter-level travel time spent in this place.
 C = Inter-level travel time spent in this place.
 D = Time resting spent in this place.
 E = Time spent auto-exploring this place.
 F = Levels seen in this place.
 G = Mean time per level.
                   A        B        C        D        E       F      G
               +--------+--------+--------+--------+--------+-----+--------+
         Total |   2853 |   2831 |     22 |      0 |   1990 |   5 |  570.6 |
       Dungeon |   2853 |   2831 |     22 |      0 |   1990 |   5 |  570.6 |
               +--------+--------+--------+--------+--------+-----+--------+

Top non-repeatable levels by time:
     D:2: 815 daAuts
     D:1: 680 daAuts
     D:3: 637 daAuts
     D:4: 627 daAuts
     D:5: 93 daAuts
